[ AOE2 MATCH · #464018593 ]
1v1 RMJapanese vs Burgundians
Player's team · WIN
[ REPLAY ANALYSIS · EXTRACTED FROM THE RECORDED GAME ]
Feudal
—
Castle
—
Imperial
—
| APM avg | 9.2 |
| APM peak | 19 |
| eAPM avg | 6.3 |
| Villagers / military | 31 / 0 |
Focus
⚔️ 0.0% · 🌾 100.0%
Feudal
11:39
Castle
—
Imperial
—
| APM avg | 37.0 |
| APM peak | 73 |
| eAPM avg | 21.5 |
| Villagers / military | 27 / 0 |
Focus
⚔️ 21.2% · 🌾 78.8%
Match map
Initial resources + every placement click. Lines = walls · curves = elevation contours. ◆ gold · ⬟ stone · ● berries · ✦ relic · ◌ wall gap
Inputs per minute
— EliasCar - - Troblems
Build order — EliasCar
55 actions detected in the replay
| 0:12 | Research | Loom |
| 0:13 | Create | Villager (Male) |
| 0:13 | Create | Villager (Male) |
| 0:13 | Create | Villager (Male) |
| 0:14 | Create | Villager (Male) |
| 0:14 | Create | Villager (Male) |
| 0:14 | Create | Villager (Male) |
| 0:29 | Build | House |
| 0:58 | Build | House |
| 1:46 | Create | Villager (Male) |
| 1:46 | Create | Villager (Male) |
| 1:51 | Build | House |
| 2:22 | Build | House |
| 2:29 | Create | Villager (Male) |
| 2:29 | Create | Villager (Male) |
| 2:49 | Create | Villager (Male) |
| 2:49 | Create | Villager (Male) |
| 2:56 | Build | Lumber Camp |
| 3:31 | Create | Villager (Male) |
| 3:40 | Build | Mill |
| 3:52 | Create | Villager (Male) |
| 3:52 | Create | Villager (Male) |
| 4:48 | Create | Villager (Male) |
| 5:37 | Create | Villager (Male) |
| 5:37 | Create | Villager (Male) |
| 5:37 | Create | Villager (Male) |
| 5:38 | Create | Villager (Male) |
| 5:38 | Create | Villager (Male) |
| 6:01 | Build | Mill |
| 6:59 | Create | Villager (Male) |
| 7:00 | Create | Villager (Male) |
| 7:35 | Create | Villager (Male) |
| 7:36 | Create | Villager (Male) |
| 7:36 | Create | Villager (Male) |
| 8:50 | Build | Farm |
| 9:01 | Build | Farm |
| 9:15 | Build | Lumber Camp |
| 9:34 | Build | Farm |
| 9:40 | Build | Farm |
| 10:10 | Create | Villager (Male) |
| 10:17 | Build | Farm |
| 10:24 | Build | Farm |
| 10:27 | Create | Villager (Male) |
| 11:06 | Create | Villager (Male) |
| 11:13 | Build | Farm |
| 11:17 | Build | Farm |
| 11:23 | Build | Farm |
| 11:39 | Create | Villager (Male) |
| 11:49 | Build | Farm |
| 12:11 | Create | Villager (Male) |
| 12:19 | Build | Farm |
| 12:28 | Build | Mining Camp |
| 12:38 | Build | Mining Camp |
| 12:56 | Research | Feudal Age |
| 12:57 | Research | Feudal Age |
Build order — Troblems
60 actions detected in the replay
| 0:00 | Create | Villager (Male) |
| 0:00 | Create | Villager (Male) |
| 0:02 | Build | House |
| 0:06 | Build | House |
| 0:27 | Create | Villager (Male) |
| 0:27 | Create | Villager (Male) |
| 0:27 | Create | Villager (Male) |
| 1:56 | Build | Lumber Camp |
| 1:58 | Create | Villager (Male) |
| 1:58 | Create | Villager (Male) |
| 2:31 | Build | House |
| 2:35 | Build | House |
| 2:39 | Create | Villager (Male) |
| 2:39 | Create | Villager (Male) |
| 3:25 | Create | Villager (Male) |
| 3:26 | Create | Villager (Male) |
| 3:27 | Create | Villager (Male) |
| 3:28 | Create | Villager (Male) |
| 3:58 | Create | Villager (Male) |
| 3:59 | Create | Villager (Male) |
| 3:59 | Create | Villager (Male) |
| 5:57 | Build | Palisade Wall |
| 5:58 | Build | Palisade Wall |
| 5:59 | Build | Palisade Wall |
| 6:00 | Build | Palisade Wall |
| 6:30 | Build | Mill |
| 6:38 | Create | Villager (Male) |
| 6:44 | Research | Double-Bit Axe |
| 7:18 | Build | Farm |
| 7:19 | Create | Villager (Male) |
| 7:19 | Create | Villager (Male) |
| 8:09 | Create | Villager (Male) |
| 8:12 | Build | Farm |
| 8:30 | Create | Villager (Male) |
| 8:45 | Build | Farm |
| 9:17 | Build | Farm |
| 9:29 | Research | Feudal Age |
| 9:30 | Research | Feudal Age |
| 10:26 | Build | Palisade Wall |
| 10:27 | Build | Palisade Wall |
| 10:27 | Build | Palisade Wall |
| 10:28 | Build | Palisade Wall |
| 10:29 | Build | Palisade Wall |
| 10:30 | Build | Palisade Wall |
| 10:31 | Build | Palisade Wall |
| 10:32 | Build | Palisade Wall |
| 11:39 | Age | Feudal Age |
| 11:42 | Build | Barracks |
| 11:45 | Build | Building 487 |
| 11:53 | Create | Villager (Male) |
| 11:53 | Create | Villager (Male) |
| 11:53 | Create | Villager (Male) |
| 11:53 | Create | Villager (Male) |
| 12:08 | Build | Building 665 |
| 12:10 | Create | Villager (Male) |
| 12:11 | Create | Villager (Male) |
| 12:24 | Build | Blacksmith |
| 12:33 | Build | Stone Wall |
| 12:34 | Build | Stone Wall |
| 12:40 | Build | Stone Wall |
Match timeline
| 5:57 | Troblems · wall_segment Palisade Wall x1 |
| 5:58 | Troblems · wall_segment Palisade Wall x1 |
| 5:59 | Troblems · wall_segment Palisade Wall x1 |
| 6:00 | Troblems · wall_segment Palisade Wall x1 |
| 10:26 | Troblems · wall_segment Palisade Wall x1 |
| 10:27 | Troblems · wall_segment Palisade Wall x1 |
| 10:27 | Troblems · wall_segment Palisade Wall x1 |
| 10:28 | Troblems · wall_segment Palisade Wall x1 |
| 10:29 | Troblems · wall_segment Palisade Wall x1 |
| 10:30 | Troblems · wall_segment Palisade Wall x1 |
| 10:31 | Troblems · wall_segment Palisade Wall x1 |
| 10:32 | Troblems · wall_segment Palisade Wall x1 |
| 11:39 | Troblems · age_up feudal |
| 11:42 | Troblems · first_building Barracks |
| 12:33 | Troblems · wall_segment Stone Wall x6 |
| 12:34 | Troblems · wall_segment Stone Wall x1 |
| 12:40 | Troblems · wall_segment Stone Wall x3 |
| 13:05 | Troblems · resign |
[ AI ANALYSIS · 1 CREDIT ]
What really happened in this match?
Wolo.gg analyzes every decision: build order, eco, micro, common mistakes by bracket. Personalized analysis on WhatsApp or Discord in 30 seconds.
Civ guide
Japanese
Map guide
Marketplace
Perfil
Jugador #12373313